[Event "Friday 12 January Rapid Engine Tour12+1 Rponds 9 Starts 1600 ST"]
[Site "Infinity Chess"]
[Date "2018.1.12"]
[Round "1"]
[White "angriff"]
[Black "Cepri"]
[Result "1/2-1/2"]
[ECO "C50"]
[WhiteElo "2410"]
[BlackElo "2463"]
[WhiteEngine "SF_64BIT_POPCNT_CTG"]
[BlackEngine "BrainFish_180106_x64"]
[EventType "Swiss"]
[WhiteTeam ""]
[BlackTeam ""]
[PlyCount "70"]
[TimeControl "720+1"]

1. e4 e5 2. Nf3 Nc6 3. Bc4 Bc5 4. O-O Nf6 5. d3 d6 6. c3 O-O 7. Nbd2 a5 
8. Re1 Ba7 9. h3 Be6 10. Bb5 Ne7 11. d4 Ng6 12. Nf1 exd4 13. cxd4 d5 14. e5 Ne4 
15. Bd3 f6 16. exf6 Qxf6 17. Ng3 Nxf2 18. Kxf2 Nh4 19. Be3 c6 20. Kg1 Nxf3+ 
21. Qxf3 Qxf3 22. gxf3 Rxf3 23. Kg2 Raf8 24. Bg1 Bxh3+ 25. Kxh3 Rxd3 
26. Rad1 Rdf3 27. Kg2 Bb8 28. Re3 R3f4 29. Re7 Rg4 30. Rd3 g5 31. Rxb7 h5 
32. Kh3 Rh4+ 33. Kg2 Rg4 34. Kh3 Rh4+ 35. Kg2 Rg4 1/2-1/2

[Event "Friday 12 January Rapid Engine Tour12+1 Rponds 9 Starts 1600 ST"]
[Site "Infinity Chess"]
[Date "2018.1.12"]
[Round "1"]
[White "Vimtiroba"]
[Black "ocirema"]
[Result "1/2-1/2"]
[ECO "C26"]
[WhiteElo "2466"]
[BlackElo "2411"]
[WhiteEngine "AsmFish@J10V3_CTG"]
[BlackEngine "stockfish_18010422_x64_modern_CTG"]
[EventType "Swiss"]
[WhiteTeam ""]
[BlackTeam ""]
[PlyCount "116"]
[TimeControl "720+1"]

1. e4 e5 2. Nc3 Nf6 3. g3 Bc5 4. Bg2 Nc6 5. d3 a5 6. Nge2 O-O 7. O-O d6 
8. h3 Bd7 9. Kh2 a4 10. a3 Qe7 11. f4 h6 12. f5 Nd4 13. Bd2 c6 14. Nxd4 exd4 
15. Na2 Rae8 16. c3 b5 17. Qc1 Nh5 18. Qd1 Nf6 19. Qc1 Nh5 20. Nb4 d5 
21. Bf3 Nf6 22. Re1 dxc3 23. bxc3 Bf2 24. Re2 dxe4 25. dxe4 Bb6 26. e5 Bxf5 
27. Qf1 Nd7 28. Bxc6 Be6 29. Bxb5 Qc5 30. Bxa4 Bc4 31. Bxd7 Rd8 32. Be3 Qxe3 
33. Rxe3 Bxf1 34. Ree1 Rxd7 35. Rxf1 Re8 36. Rfd1 Rxd1 37. Rxd1 Rxe5 38. Kg2 Ra5 
39. Nc2 f6 40. Rd6 Bc7 41. Rc6 Be5 42. Rc8+ Kf7 43. Rc4 Rb5 44. Rb4 Rc5 
45. c4 Bd6 46. Nd4 Ra5 47. Rb6 Bxa3 48. Rb7+ Kg6 49. g4 Ra4 50. Rc7 Bb2 
51. Nf5 Kg5 52. Nxg7 Ra3 53. c5 Be5 54. Re7 Rg3+ 55. Kh2 Rf3+ 56. Kg2 Rg3+ 
57. Kh2 Rd3+ 58. Kg2 Rg3+ 1/2-1/2

[Event "Friday 12 January Rapid Engine Tour12+1 Rponds 9 Starts 1600 ST"]
[Site "Infinity Chess"]
[Date "2018.1.12"]
[Round "1"]
[White "localhero"]
[Black "Eman"]
[Result "1/2-1/2"]
[ECO "D04"]
[WhiteElo "2411"]
[BlackElo "2468"]
[WhiteEngine "asmFishW_2017-10-04_popcnt"]
[BlackEngine "Eman 1.61a 64-bit POPCNT"]
[EventType "Swiss"]
[WhiteTeam ""]
[BlackTeam ""]
[PlyCount "89"]
[TimeControl "720+1"]

1. d4 d5 2. Nf3 Nf6 3. e3 c5 4. Nbd2 e6 5. c3 Nbd7 6. Bd3 Be7 7. O-O b6 
8. e4 dxe4 9. Nxe4 O-O 10. Nxf6+ Nxf6 11. dxc5 Bxc5 12. Bf4 Bb7 13. Qe2 Bd6 
14. Ne5 Qc7 15. Rad1 Bd5 16. c4 Bb7 17. Bc2 Rfd8 18. Rd4 Qe7 19. Bg5 h6 
20. Bxf6 Qxf6 21. Rfd1 Bxe5 22. Qxe5 Rxd4 23. Qxd4 Qxd4 24. Rxd4 Bc6 25. g3 g5 
26. Kf1 Kf8 27. f4 Ke7 28. Kf2 Rh8 29. Ke3 gxf4+ 30. Rxf4 e5 31. Rh4 Bd7 
32. Bd1 f5 33. b4 Kf6 34. c5 bxc5 35. bxc5 Kg6 36. Ba4 Bxa4 37. Rxa4 Rc8 
38. Ra6+ Kg5 39. h4+ Kh5 40. Rf6 Rxc5 41. Rxf5+ Kg4 42. Rf6 Kxg3 43. Rxh6 Rc2 
44. Ra6 Kxh4 45. Rxa7 1/2-1/2

[Event "Friday 12 January Rapid Engine Tour12+1 Rponds 9 Starts 1600 ST"]
[Site "Infinity Chess"]
[Date "2018.1.12"]
[Round "1"]
[White "Wolle"]
[Black "CrapCleaner"]
[Result "1/2-1/2"]
[ECO "C55"]
[WhiteElo "2472"]
[BlackElo "2411"]
[WhiteEngine "Raubfisch X37a2_CTG"]
[BlackEngine "komodo-11.01-64bit_CTG"]
[EventType "Swiss"]
[WhiteTeam ""]
[BlackTeam ""]
[PlyCount "92"]
[TimeControl "720+1"]

1. e4 e5 2. Nf3 Nc6 3. Bc4 Nf6 4. d3 Bc5 5. c3 O-O 6. O-O d6 7. h3 a6 8. Re1 Ba7 
9. a4 h6 10. Nbd2 Re8 11. b4 Be6 12. Bxe6 Rxe6 13. Qc2 Qd7 14. Rb1 Ree8 
15. Nf1 b5 16. Bd2 d5 17. Ng3 Rad8 18. Rbc1 Re6 19. Nf5 Ne7 20. c4 c6 
21. Nxe7+ Qxe7 22. c5 Bb8 23. Nh4 Kh7 24. Ra1 Qd7 25. Be3 Ree8 26. Nf5 Ng8 
27. axb5 axb5 28. Ra6 Qc8 29. Rea1 Ne7 30. Nxe7 Rxe7 31. Qe2 f5 32. exf5 Qxf5 
33. Rxc6 d4 34. Bd2 e4 35. Qg4 Qxg4 36. hxg4 exd3 37. Rd1 Re2 38. Ra6 Rf8 
39. f3 Bg3 40. Ra3 Re3 41. Rc1 Rfe8 42. c6 R8e7 43. Rb1 R7e6 44. Rc1 Re7 
45. Rd1 R7e6 46. Rc1 Re7 1/2-1/2

[Event "Friday 12 January Rapid Engine Tour12+1 Rponds 9 Starts 1600 ST"]
[Site "Infinity Chess"]
[Date "2018.1.12"]
[Round "1"]
[White "IronMan"]
[Black "THE_MACHINE"]
[Result "1/2-1/2"]
[ECO "A20"]
[WhiteElo "2417"]
[BlackElo "2486"]
[WhiteEngine "Stockfish SL FA PB BMI2"]
[BlackEngine "Houdini 6"]
[EventType "Swiss"]
[WhiteTeam ""]
[BlackTeam ""]
[PlyCount "215"]
[TimeControl "720+1"]

1. c4 e5 2. g3 Nf6 3. Bg2 d5 4. cxd5 Nxd5 5. Nf3 Nc6 6. O-O Nb6 7. b3 f6 
8. Bb2 Be7 9. d4 e4 10. Ne1 f5 11. f3 exf3 12. Bxf3 Ne5 13. Bh5+ g6 14. Nc3 Nf7 
15. Bf3 O-O 16. e3 Re8 17. Nd3 Bf6 18. Re1 c6 19. Bg2 Be6 20. Nc5 Nd6 
21. Nxe6 Rxe6 22. Qd2 Ne4 23. Bxe4 fxe4 24. Ba3 Nd5 25. Re2 Qb6 26. Rf1 Qa6 
27. Ref2 Bg5 28. Nxd5 cxd5 29. Rf8+ Rxf8 30. Rxf8+ Kg7 31. Qf2 Rf6 32. Rxf6 Qxf6 
33. g4 a6 34. Qxf6+ Kxf6 35. Kf2 Ke6 36. Bb4 b6 37. Ke2 Bh4 38. a3 Kd7 
39. h3 Ke6 40. a4 Bd8 41. Ba3 Bf6 42. Bf8 Bg5 43. Bb4 Kd7 44. Bd2 Kc6 
45. Bb4 Bh4 46. Be1 Bd8 47. Kd2 Be7 48. Kd1 Bf6 49. Ke2 Kd7 50. Bg3 Bg5 
51. Be1 Bd8 52. Bg3 Kc6 53. Be1 b5 54. Bd2 Bh4 55. Bb4 Bg3 56. Ba5 Bd6 
57. Bd8 Bb4 58. Bh4 Kc7 59. Bg5 Bd6 60. axb5 axb5 61. Kf2 Kd7 62. Bf4 Be7 
63. Bg3 Kc6 64. Ke2 Kb6 65. Kd2 Ka5 66. Kc2 Bd8 67. Bd6 Ka6 68. Bg3 Bf6 
69. Kc3 Be7 70. Bc7 Bg5 71. Bf4 Bd8 72. Kc2 Bh4 73. Be5 Bg5 74. Kd2 Ka7 
75. Bf4 Bd8 76. Kc2 Be7 77. Bh2 Kb7 78. Bg3 Bb4 79. Bh4 Bd6 80. Bf6 Bg3 
81. Be7 Kc8 82. Kc3 Bf2 83. Bg5 Be1+ 84. Kb2 Kd7 85. Kc2 Ke6 86. Bf4 Bb4 
87. Kd1 Be7 88. Ke2 Bh4 89. Kd2 Bd8 90. Kc2 Be7 91. Be5 b4 92. Kd2 Bd6 
93. Bxd6 Kxd6 94. h4 h6 95. Ke2 Ke6 96. Kf2 g5 97. Kg3 Kd6 98. h5 Kc7 
99. Kf2 Kb6 100. Ke1 Ka5 101. Ke2 Kb6 102. Kd1 Ka5 103. Kc2 Kb6 104. Kc1 Ka5 
105. Kb2 Kb6 106. Kc1 Ka5 107. Kc2 Kb6 108. Kc1 1/2-1/2

[Event "Friday 12 January Rapid Engine Tour12+1 Rponds 9 Starts 1600 ST"]
[Site "Infinity Chess"]
[Date "2018.1.12"]
[Round "1"]
[White "Katzenmaier"]
[Black "KULLANI"]
[Result "1/2-1/2"]
[ECO "C25"]
[WhiteElo "2487"]
[BlackElo "2424"]
[WhiteEngine "S_XPrO.251117.x64.POPCNT_CTG"]
[BlackEngine "BrainFish_180106_x64_CTG"]
[EventType "Swiss"]
[WhiteTeam ""]
[BlackTeam ""]
[PlyCount "136"]
[TimeControl "720+1"]

1. e4 e5 2. Nc3 Bc5 3. Nf3 d6 4. Na4 Nf6 5. Nxc5 dxc5 6. b3 Qe7 7. Bb2 Bg4 
8. h3 Bh5 9. Bb5+ Nbd7 10. Qe2 a6 11. Bc4 O-O-O 12. Qe3 Bxf3 13. Qxf3 Rhf8 
14. Qe3 Ne8 15. O-O-O Nd6 16. Bd3 a5 17. Be2 b6 18. Rhe1 Nb8 19. f4 f6 
20. d3 Nc6 21. a4 Nd4 22. Rd2 exf4 23. Qxf4 Nf7 24. Bd1 Kb8 25. c3 Nc6 
26. Kb1 Rfe8 27. Qf2 Qd6 28. Bc2 Rd7 29. Ka1 Ng5 30. Red1 Red8 31. Kb1 Nf7 
32. Qe3 Qe6 33. Qg3 Ng5 34. Qe3 Nf7 35. Qf2 Ng5 36. Ka1 Qd6 37. d4 cxd4 
38. cxd4 Nb4 39. Bb1 Re7 40. e5 Qd5 41. Qe3 Qf7 42. Ba3 Qe6 43. Rf1 h6 
44. Bf5 Qd5 45. Rff2 Qc6 46. h4 Nf7 47. e6 Nd6 48. g4 h5 49. d5 Nxd5 50. Qf3 Nb4 
51. Qxc6 Nxc6 52. gxh5 Nb4 53. Bg4 Rde8 54. Rg2 Nb7 55. Rd1 Nc5 56. Bxb4 axb4 
57. Kb2 Kb7 58. Bf3+ Ka7 59. Bg4 Kb7 60. Rd4 Nxe6 61. Bxe6 Rxe6 62. Rxg7 Re2+ 
63. Kc1 Re1+ 64. Kc2 R8e2+ 65. Kd3 Re3+ 66. Kc2 R3e2+ 67. Kd3 Re3+ 68. Kc2 R3e2+ 
1/2-1/2

[Event "Friday 12 January Rapid Engine Tour12+1 Rponds 9 Starts 1600 ST"]
[Site "Infinity Chess"]
[Date "2018.1.12"]
[Round "1"]
[White "RonWeasley"]
[Black "Marsell"]
[Result "1/2-1/2"]
[ECO "C55"]
[WhiteElo "2428"]
[BlackElo "2490"]
[WhiteEngine "BrainFish 060118_CTG"]
[BlackEngine "asmFishW_2018-01-11_popcnt"]
[EventType "Swiss"]
[WhiteTeam ""]
[BlackTeam ""]
[PlyCount "144"]
[TimeControl "720+1"]

1. e4 e5 2. Nf3 Nc6 3. Bc4 Nf6 4. d3 Bc5 5. c3 d6 6. Bb3 a6 7. Nbd2 O-O 
8. h3 Re8 9. O-O h6 10. Re1 Ba7 11. Nf1 Be6 12. Bc2 d5 13. Qe2 b5 14. Bd2 Qd7 
15. Ng3 d4 16. a4 Bc5 17. Reb1 Bb6 18. Qd1 Qd6 19. Nh4 Qf8 20. Nhf5 Kh7 
21. Qf3 Ng8 22. Ne2 Rad8 23. cxd4 exd4 24. g4 g6 25. Nfg3 Ne5 26. Qg2 Nc4 
27. Bf4 Qb4 28. Nf1 g5 29. Bc1 Ne5 30. f4 Qc5 31. Neg3 gxf4 32. Bxf4 Ng6 
33. Bc1 b4 34. Nh5 c6 35. Nfg3 b3 36. Bd1 Ba5 37. Nf5 Qe5 38. Ra3 Rb8 39. Qf2 c5 
40. Be2 Rbd8 41. h4 c4 42. Nxh6 cxd3 43. Bd1 d2 44. Nxf7 Bxf7 45. Qxf7+ Kh8 
46. Qxg6 dxc1=R 47. Rxc1 d3 48. Rc6 Bb4 49. Rxb3 Bd6 50. Qg7+ Qxg7 51. Nxg7 Kxg7 
52. Kg2 a5 53. Rxd3 Be7 54. Rd5 Bxh4 55. Rc7+ Ne7 56. Kh3 Bf6 57. g5 Bxg5 
58. Rxg5+ Kf6 59. Rg1 Rh8+ 60. Kg3 Rhg8+ 61. Bg4 Rxg4+ 62. Kxg4 Rg8+ 
63. Kf3 Rxg1 64. Rc5 Rg5 65. Rxg5 Kxg5 66. Ke2 Ng6 67. Kd3 Nf4+ 68. Kc4 Kg4 
69. b4 axb4 70. a5 b3 71. Kxb3 Ne6 72. Kc4 Kf4 1/2-1/2

[Event "Friday 12 January Rapid Engine Tour12+1 Rponds 9 Starts 1600 ST"]
[Site "Infinity Chess"]
[Date "2018.1.12"]
[Round "1"]
[White "Gilgamesch"]
[Black "hafaba"]
[Result "1-0"]
[ECO "B00"]
[WhiteElo "2500"]
[BlackElo "2431"]
[WhiteEngine "BrainFish_171005_x64_bmi2"]
[BlackEngine "Stockfish SL 07012018 POPCNT_CTG"]
[EventType "Swiss"]
[WhiteTeam ""]
[BlackTeam ""]
[PlyCount "175"]
[TimeControl "720+1"]

1. e4 Nc6 2. d4 d5 3. e5 Bf5 4. c3 e6 5. Ne2 f6 6. f4 h5 7. Ng3 Bg6 8. Bd3 Bxd3 
9. Qxd3 Qd7 10. Nd2 O-O-O 11. b4 h4 12. Ne2 h3 13. g4 g5 14. fxg5 fxe5 
15. b5 Na5 16. dxe5 Ne7 17. O-O Rg8 18. Nf4 Rxg5 19. Qxh3 Ng6 20. Nf3 Nxf4 
21. Bxf4 Rg6 22. a4 Nb3 23. Ra2 Rg8 24. Kh1 Be7 25. g5 d4 26. cxd4 Qd5 
27. Rg2 Qc4 28. Rg4 Qxa4 29. Rf2 Qxb5 30. Qh7 Qd7 31. Be3 Na5 32. Qe4 Qc6 
33. Qxc6 Nxc6 34. h4 Rh8 35. Rh2 Rh5 36. Ng1 a5 37. Ne2 b5 38. Nf4 Rhh8 
39. Nxe6 Rdg8 40. g6 b4 41. h5 Kd7 42. Nf4 b3 43. g7 Rh7 44. h6 b2 45. Rg1 a4 
46. Ng6 a3 47. d5 Nxe5 48. Nxe5+ Kd6 49. Nd3 Kxd5 50. Nxb2 axb2 51. Rxb2 Bf6 
52. Rbg2 Ke6 53. Re1 c5 54. Bc1+ Kd5 55. Rd1+ Bd4 56. Rd3 Kd6 57. Rg4 Ke6 
58. Re4+ Kd6 59. Kg2 Kc6 60. Re6+ Kd5 61. Re7 Rc8 62. Rf7 Rg8 63. Rg3 Ke6 
64. Rf8 Rgxg7 65. hxg7 Rxg7 66. Rxg7 Bxg7 67. Rc8 Bf6 68. Rxc5 Be7 69. Rc2 Kd5 
70. Kf3 Bb4 71. Be3 Ba3 72. Rd2+ Ke5 73. Bf4+ Kf5 74. Rd5+ Kf6 75. Ke4 Bb4 
76. Rb5 Ba3 77. Rb6+ Ke7 78. Be5 Bc5 79. Rg6 Bf2 80. Kd5 Be3 81. Rg7+ Kd8 
82. Rc7 Bb6 83. Rb7 Bd4 84. Bxd4 Kc8 85. Kc6 Kd8 86. Bb6+ Ke8 87. Bc5 Kd8 
88. Rb8# 1-0

[Event "Friday 12 January Rapid Engine Tour12+1 Rponds 9 Starts 1600 ST"]
[Site "Infinity Chess"]
[Date "2018.1.12"]
[Round "1"]
[White "Dovahkiin"]
[Black "Deep_Impact"]
[Result "1/2-1/2"]
[ECO ""]
[WhiteElo "2444"]
[BlackElo "2512"]
[WhiteEngine "BrainFish_180106_x64_modern_CTG"]
[BlackEngine "BrainFish_171226_x64_modern"]
[EventType "Swiss"]
[WhiteTeam ""]
[BlackTeam ""]
[PlyCount "113"]
[TimeControl "720+1"]

1. e3 d5 2. d3 e5 3. d4 Nd7 4. dxe5 Nxe5 5. Nd2 Nf6 6. Ngf3 Bd6 7. Nxe5 Bxe5 
8. Nf3 Bd6 9. c4 Be6 10. Qc2 Qe7 11. a3 O-O 12. b3 c5 13. Be2 dxc4 14. Bxc4 Bxc4 
15. Qxc4 a6 16. Bb2 b5 17. Qh4 Ne4 18. Qxe7 Bxe7 19. Ke2 Rac8 20. a4 Rfd8 
21. axb5 axb5 22. Rhd1 Rxd1 23. Rxd1 Ra8 24. Ra1 Rxa1 25. Bxa1 h5 26. Nd2 Nd6 
27. Be5 Nb7 28. h3 f5 29. e4 g6 30. exf5 gxf5 31. Bc7 Kf7 32. g3 Bd8 33. Bf4 Na5 
34. Be3 Be7 35. f3 Kg7 36. Kd3 Nc6 37. Nb1 Ne5+ 38. Ke2 Kf7 39. Nc3 b4 
40. Na4 Nd7 41. Nb2 Bd6 42. g4 hxg4 43. fxg4 fxg4 44. hxg4 Ne5 45. Bf4 Ke6 
46. Bxe5 Bxe5 47. Nc4 Bc3 48. Ne3 Bf6 49. Kd3 Bc3 50. Kc4 Ke5 51. Nd5 Ba1 
52. Kxc5 Bd4+ 53. Kc4 Ba7 54. Nxb4 Kf4 55. Kd5 Kxg4 56. Ke4 Kg5 57. Ke5 1/2-1/2

[Event "Friday 12 January Rapid Engine Tour12+1 Rponds 9 Starts 1600 ST"]
[Site "Infinity Chess"]
[Date "2018.1.12"]
[Round "1"]
[White "Harry_Potter"]
[Black "Neoxium"]
[Result "1/2-1/2"]
[ECO "A20"]
[WhiteElo "2516"]
[BlackElo "2448"]
[WhiteEngine "asmFishW_2018-01-11_bmi2_CTG"]
[BlackEngine "Stockfish SL FA PB BMI2"]
[EventType "Swiss"]
[WhiteTeam ""]
[BlackTeam ""]
[PlyCount "120"]
[TimeControl "720+1"]

1. c4 e5 2. g3 Nc6 3. Nc3 Bb4 4. Nf3 Nf6 5. Bg2 O-O 6. O-O d6 7. d3 a5 8. Nd5 h6 
9. e3 Bc5 10. b3 Nb4 11. Nxf6+ Qxf6 12. Ne1 Bb6 13. Bb2 Nc6 14. Qd2 h5 
15. h4 Qg6 16. Kh2 Rd8 17. Bc3 Be6 18. d4 Bf5 19. Rd1 Be4 20. f3 exd4 
21. exd4 Bf5 22. Nd3 Bxd3 23. Qxd3 Qxd3 24. Rxd3 Re8 25. a3 Re2 26. f4 Rae8 
27. Kh3 Ra2 28. Ra1 Rxa1 29. Bxa1 Re1 30. Bb2 Rb1 31. Rd2 Kf8 32. Bf3 g6 
33. f5 Re1 34. Bxc6 bxc6 35. fxg6 fxg6 36. b4 Ke7 37. c5 Ba7 38. bxa5 dxc5 
39. dxc5 Bxc5 40. Bd4 Bxd4 41. Rxd4 c5 42. Rd5 Re3 43. Rxc5 Kd7 44. a4 Re4 
45. Rg5 Rxa4 46. Rxg6 Rxa5 47. Rg7+ Kc6 48. Rg5 Rxg5 49. hxg5 Kd7 50. Kh4 Ke6 
51. g6 Kf6 52. Kxh5 Kg7 53. Kg5 c5 54. Kf5 c4 55. Ke4 Kxg6 56. Kd4 Kh5 
57. g4+ Kg5 58. Kc3 Kf4 59. g5 Kf5 60. g6 Kxg6 1/2-1/2

[Event "Friday 19 January Rapid Engine Tour 12+1 Rounds 9 Starts 1600 ST"]
[Site "Infinity Chess"]
[Date "2018.1.19"]
[Round "9"]
[White "hafaba"]
[Black "Thinker"]
[Result "1/2-1/2"]
[ECO "E10"]
[WhiteElo "2451"]
[BlackElo "2420"]
[WhiteEngine "Stockfish SL 07012018 POPCNT_CTG"]
[BlackEngine "BrainFish_180113_x64_modern_CTG"]
[EventType "Swiss"]
[WhiteTeam ""]
[BlackTeam ""]
[PlyCount "52"]
[TimeControl "720+1"]

1. d4 Nf6 2. c4 e6 3. Nf3 d5 4. Nc3 Be7 5. Bf4 O-O 6. e3 Nbd7 7. Be2 dxc4 
8. Bxc4 a6 9. a4 Nb6 10. Bb3 Nbd5 11. Be5 b6 12. O-O Bb7 13. Nxd5 Nxd5 
14. Qe2 a5 15. e4 Nb4 16. Rac1 Bd6 17. Qe3 Qe7 18. g3 Rfd8 19. Rfd1 Rac8 
20. Bf4 Bxf4 21. gxf4 Rd6 22. Ne5 Rcd8 23. Nc4 R6d7 24. Ne5 Rd6 25. Nc4 R6d7 
26. Ne5 Rd6 1/2-1/2

[Event "Friday 19 January Rapid Engine Tour 12+1 Rounds 9 Starts 1600 ST"]
[Site "Infinity Chess"]
[Date "2018.1.19"]
[Round "9"]
[White "Dinkelberger"]
[Black "Boggyman"]
[Result "1/2-1/2 "]
[ECO "C65"]
[WhiteElo "2407"]
[BlackElo "2425"]
[WhiteEngine "stockfish_18011309_x64_modern_CTG"]
[BlackEngine "Raubfisch ME262_GTZ16b3._CTG"]
[EventType "Swiss"]
[WhiteTeam ""]
[BlackTeam ""]
[PlyCount "316"]
[TimeControl "720+1"]

1. e4 e5 2. Nf3 Nc6 3. Bb5 Nf6 4. O-O Nxe4 5. d4 Nd6 6. Bxc6 dxc6 7. dxe5 Nf5 
8. Qxd8+ Kxd8 9. Nc3 Bd7 10. h3 b6 11. b3 Be7 12. Bb2 a5 13. Ne4 h5 14. Rad1 Kc8 
15. Nfg5 Be8 16. a4 c5 17. Rfe1 Rh6 18. g3 c4 19. h4 Kb7 20. Nh3 Bc6 21. Bc3 Rg6 
22. Neg5 Bxg5 23. Nxg5 f6 24. exf6 gxf6 25. Re6 Rf8 26. Rd2 Re8 27. Kf1 Rxg5 
28. Rxe8 Nxg3+ 29. fxg3 Rf5+ 30. Rf2 Rxf2+ 31. Kxf2 Bxe8 32. Ke3 c5 33. Kd2 Bf7 
34. bxc4 f5 35. Ke3 Be8 36. Be5 Bxa4 37. Kd2 Bd7 38. Kd3 Be6 39. Kc3 Ka6 
40. Bf4 Bf7 41. Kd3 Bg6 42. Kc3 Kb7 43. Kb3 Bf7 44. Kc3 a4 45. Bc1 Kc6 
46. Bb2 Be6 47. Bc1 Bf7 48. Bb2 Be6 49. Bc1 Kd6 50. Bf4+ Kd7 51. Bc1 Kd6 
52. Bf4+ Kd7 53. Bc1 Kc6 54. Kd3 Bc8 55. Kc3 Kc7 56. Bf4+ Kd7 57. Bc1 Kc7 
58. Kd2 Be6 59. Kc3 Bf7 60. Bf4+ Kc6 61. Bc1 Bg6 62. Bb2 Kc7 63. Ba3 Bf7 
64. Kd3 Kd7 65. Bb2 Kc7 66. Be5+ Kd8 67. Bb2 Kc7 68. Bc1 Bg6 69. Kc3 Kd7 
70. Bg5 Kd6 71. Kb2 Bf7 72. Bf4+ Kd7 73. Kc3 a3 74. Kb3 a2 75. Kxa2 Bxc4+ 
76. Ka1 Kc6 77. Kb1 b5 78. c3 Bd3+ 79. Ka1 Kd5 80. Kb2 Kc4 81. Be3 b4 
82. cxb4 cxb4 83. Bf4 Bf1 84. Be3 Bd3 85. Bf4 Be2 86. Kc2 Bf1 87. Kb2 Bg2 
88. Bd6 Bc6 89. Kc2 Ba4+ 90. Kd2 Be8 91. Be5 Bd7 92. Kc2 Be6 93. Bd6 Bd7 
94. Be5 Ba4+ 95. Kd2 Be8 96. Kd1 Kd5 97. Bg7 Kc5 98. Be5 Kd5 99. Bf6 Kc4 
100. Bg7 Ba4+ 101. Ke2 Bb5 102. Kd1 Be8 103. Ke2 Bb5 104. Kd1 Kb3 105. Kc1 Bf1 
106. Kd2 Bb5 107. Kc1 Ka3 108. Kd1 Bd3 109. Kd2 Bc4 110. Be5 Ka2 111. Kc1 Ba6 
112. Bg7 Kb3 113. Kd1 Bb7 114. Kd2 Ka2 115. Kc1 Bf3 116. Bf6 Bg4 117. Be7 b3 
118. Bf6 Bh3 119. Bd4 Bf1 120. Be5 Bd3 121. Bg7 Be4 122. Bb2 Ba8 123. Be5 Be4 
124. Bb2 Bf3 125. Bg7 Bc6 126. Bc3 Ba8 127. Bg7 Bd5 128. Bc3 Be6 129. Bb2 Bc8 
130. Be5 Be6 131. Bb2 Bd7 132. Be5 Bc6 133. Bc3 Ba4 134. Bd4 Bd7 135. Be5 Ba4 
136. Bd4 Bb5 137. Bc3 Bd3 138. Bf6 Ba6 139. Bd4 Bb7 140. Be5 Bh1 141. Bd4 Ka3 
142. Bb2+ Ka4 143. Be5 Ka3 144. Bd6+ Ka2 145. Be5 Ka3 146. Bd6+ Ka2 147. Be5 Bb7 
148. Bb2 Ba8 149. Bc3 Bb7 150. Be5 Bd5 151. Bf6 Bf7 152. Bb2 Be6 153. Bd4 Bc4 
154. Be5 Bf1 155. Bd4 Be2 156. Bg7 Bc4 157. Be5 Ba6 158. Bg7 Ka3 1/2-1/2

[Event "Friday 19 January Rapid Engine Tour 12+1 Rounds 9 Starts 1600 ST"]
[Site "Infinity Chess"]
[Date "2018.1.19"]
[Round "9"]
[White "BraveDevil"]
[Black "neófito"]
[Result "1/2-1/2"]
[ECO "D44"]
[WhiteElo "2363"]
[BlackElo "2439"]
[WhiteEngine "Cryptic AIL V1"]
[BlackEngine "asmFishW_2018-01-12_bmi2"]
[EventType "Swiss"]
[WhiteTeam ""]
[BlackTeam ""]
[PlyCount "67"]
[TimeControl "720+1"]

1. d4 d5 2. c4 e6 3. Nc3 Nf6 4. Nf3 c6 5. Bg5 h6 6. Bh4 dxc4 7. e4 g5 8. Bg3 b5 
9. Be2 Bb7 10. O-O Nbd7 11. Ne5 Bg7 12. Nxd7 Nxd7 13. Bd6 a6 14. e5 c5 
15. d5 Nxe5 16. dxe6 Nd3 17. exf7+ Kxf7 18. Bxd3 cxd3 19. Qxd3 Qf6 20. Qg3 Rhe8 
21. Bxc5 Qc6 22. Be3 Rad8 23. Rac1 Kg8 24. Na4 Qd5 25. Nc5 Bxb2 26. Rc2 Be5 
27. Qh3 Ba8 28. Rd2 Qc6 29. Rxd8 Rxd8 30. Qg4 Qc8 31. Qh5 Qc6 32. Qg4 Qc8 
33. Qh5 Qc6 34. Qg4 1/2-1/2

[Event "Friday 19 January Rapid Engine Tour 12+1 Rounds 9 Starts 1600 ST"]
[Site "Infinity Chess"]
[Date "2018.1.19"]
[Round "9"]
[White "Satria_Ungu"]
[Black "Katzenmaier"]
[Result "1-0"]
[ECO "E40"]
[WhiteElo "2395"]
[BlackElo "2472"]
[WhiteEngine "Houdini 6"]
[BlackEngine "S_XPrO.251117.x64.POPCNT_CTG"]
[EventType "Swiss"]
[WhiteTeam ""]
[BlackTeam ""]
[PlyCount "179"]
[TimeControl "720+1"]

1. d4 Nf6 2. c4 e6 3. Nc3 Bb4 4. e3 O-O 5. Nge2 d5 6. a3 Be7 7. cxd5 exd5 
8. Nf4 c6 9. Bd3 Bd6 10. O-O Re8 11. Qc2 Nbd7 12. f3 Qc7 13. g4 Nf8 14. Qf2 Ng6 
15. Nh5 Qd8 16. Kh1 a5 17. Ng3 h6 18. Nf5 Bc7 19. Bd2 Nh7 20. Rad1 Be6 
21. Qg2 Nh4 22. Qh3 Ng6 23. f4 Bxf5 24. gxf5 Ne7 25. Rg1 Kh8 26. Rg2 Qd6 
27. Ne2 Rg8 28. Ng3 Nf6 29. Rdg1 Raf8 30. Nh5 Nxh5 31. Qxh5 Nc8 32. Rg3 f6 
33. e4 dxe4 34. Rxg7 Rxg7 35. Rxg7 Kxg7 36. Qg6+ Kh8 37. Qxh6+ Kg8 38. Bc4+ Qd5 
39. Qg6+ Kh8 40. Qh5+ Kg8 41. Bxd5+ cxd5 42. Qg4+ Kf7 43. Qg6+ Ke7 44. b4 a4 
45. b5 e3 46. Bxe3 Bd6 47. Qh7+ Rf7 48. Qg8 Nb6 49. Bd2 Nc4 50. Qc8 Bxa3 
51. Qxb7+ Kf8 52. Qa8+ Kg7 53. Qxd5 Rc7 54. Qg2+ Kf8 55. Qa8+ Kg7 56. Qxa4 Bd6 
57. Qa6 Re7 58. Qc6 Rc7 59. Qg2+ Kf8 60. Qd5 Be7 61. Bb4 Kg7 62. Qg2+ Kf8 
63. Bxe7+ Rxe7 64. Qc6 Ne3 65. b6 Nxf5 66. Qxf6+ Rf7 67. Qh8+ Ke7 68. b7 Rf8 
69. Qxf8+ Kxf8 70. b8=Q+ Kf7 71. Qe5 Ne7 72. Qxe7+ Kxe7 73. h3 Ke6 74. h4 Kf5 
75. d5 Kf6 76. f5 Kxf5 77. h5 Ke5 78. d6 Kxd6 79. h6 Kc5 80. h7 Kb5 81. h8=Q Kb4 
82. Qe5 Kc4 83. Kg1 Kb4 84. Qc7 Kb3 85. Kf2 Ka2 86. Qb6 Ka3 87. Ke1 Ka4 
88. Kd2 Ka3 89. Kc3 Ka2 90. Qb2# 1-0

[Event "Friday 19 January Rapid Engine Tour 12+1 Rounds 9 Starts 1600 ST"]
[Site "Infinity Chess"]
[Date "2018.1.19"]
[Round "9"]
[White "star99"]
[Black "OlivierEvan"]
[Result "1/2-1/2"]
[ECO "D44"]
[WhiteElo "2422"]
[BlackElo "2400"]
[WhiteEngine "Cryptic AIL V1"]
[BlackEngine "Houdini 6"]
[EventType "Swiss"]
[WhiteTeam ""]
[BlackTeam ""]
[PlyCount "127"]
[TimeControl "720+1"]

1. d4 d5 2. c4 e6 3. Nc3 Nf6 4. Nf3 c6 5. Bg5 h6 6. Bh4 dxc4 7. e4 g5 8. Bg3 b5 
9. Be2 Bb7 10. O-O Nbd7 11. Ne5 Bg7 12. Nxd7 Nxd7 13. Bd6 a6 14. e5 c5 
15. d5 Nxe5 16. dxe6 Nd3 17. exf7+ Kxf7 18. Bxd3 cxd3 19. Qxd3 Qd7 20. Qg3 b4 
21. Nd1 Rac8 22. Ne3 Rhe8 23. Rad1 Qe6 24. h4 Bxb2 25. hxg5 hxg5 26. Qxg5 Qg6 
27. Qf4+ Kg8 28. f3 Bd4 29. Rxd4 cxd4 30. Ng4 Re2 31. Rd1 Bd5 32. Rxd4 Be6 
33. Re4 Rxe4 34. Nf6+ Kf7 35. Nxe4+ Kg8 36. Bxb4 Bf5 37. Ng5 Qb6+ 38. Kh2 Qh6+ 
39. Kg3 Qg6 40. Bd2 Qf6 41. Be3 Rd8 42. Qc4+ Kg7 43. f4 Rc8 44. Qd5 Rd8 
45. Qb3 Kg6 46. Kf2 Kh5 47. Nf3 Be4 48. Ng5 Bf5 49. a4 Qe7 50. Nf3 Be4 
51. Ng5 Bf5 52. Nf3 Be4 53. Qb6 Qd6 54. Qxd6 Rxd6 55. Ne5 Rd5 56. g4+ Kh4 
57. Bb6 a5 58. Nc4 Kxg4 59. Ne3+ Kh5 60. Nxd5 Bxd5 61. Bxa5 Bc6 62. Ke3 Bxa4 
63. Ke4 Bc6+ 64. Ke5 1/2-1/2

[Event "Friday 19 January Rapid Engine Tour 12+1 Rounds 9 Starts 1600 ST"]
[Site "Infinity Chess"]
[Date "2018.1.19"]
[Round "9"]
[White "Dovahkiin"]
[Black "Wolle"]
[Result "1/2-1/2"]
[ECO ""]
[WhiteElo "2437"]
[BlackElo "2462"]
[WhiteEngine "BrainFish_180113_x64_modern_CTG"]
[BlackEngine "Raubfisch X37a2_CTG"]
[EventType "Swiss"]
[WhiteTeam ""]
[BlackTeam ""]
[PlyCount "128"]
[TimeControl "720+1"]

1. e3 Nf6 2. d3 d5 3. d4 c5 4. Nf3 Nc6 5. c3 Bg4 6. h3 Bxf3 7. Qxf3 e6 
8. Nd2 Be7 9. g3 O-O 10. Bg2 e5 11. dxe5 Nxe5 12. Qf5 Qc7 13. f4 Nc6 14. Bxd5 g6 
15. Qd3 Rad8 16. e4 Rfe8 17. O-O Qd7 18. Qf3 Nxd5 19. exd5 Qxd5 20. Qxd5 Rxd5 
21. Re1 Na5 22. Nf3 Rdd8 23. Kf2 b6 24. Re2 Nc4 25. b3 Nd6 26. Bb2 f5 
27. c4 Ne4+ 28. Kg2 Rd3 29. g4 Red8 30. Be5 a6 31. Rae1 b5 32. Bc7 Ra8 
33. Re3 Rd7 34. Be5 Rad8 35. R3e2 Kf7 36. Ra1 Nd2 37. Rg1 Ne4 38. Rge1 b4 
39. g5 Ke6 40. h4 Rd1 41. Rxd1 Rxd1 42. Re1 Rxe1 43. Nxe1 a5 44. Nd3 Bd6 
45. Bxd6 Kxd6 46. h5 Nc3 47. hxg6 hxg6 48. Kf3 Nxa2 49. Ke3 Nc3 50. Kd2 a4 
51. bxa4 Nxa4 52. Ne5 Nc3 53. Nxg6 Ke6 54. Nf8+ Kf7 55. Nd7 Ne4+ 56. Kc2 Kg7 
57. Ne5 Nc3 58. Nd7 Ne2 59. Nxc5 Nxf4 60. Kb3 Kg6 61. Kxb4 Kxg5 62. Kb5 Ne2 
63. Nd3 f4 64. c5 Nd4+ 1/2-1/2